 Dungeon Crawl Stone Soup version 0.19.1 (webtiles) character file.

27 Patate the Sneak (level 2, -1/13 HPs)
             Began as a Spriggan Enchanter on Nov 24, 2016.
             Slain by a hobgoblin
             ... wielding a +0 club
              (2 damage)
             ... on level 1 of the Dungeon.
             The game lasted 00:05:15 (1598 turns).

Patate the Sneak (Spriggan Enchanter)               Turns: 1598, Time: 00:05:16

Health: -1/13      AC:  3    Str:  4    XL:     2   Next: 93%
Magic:  4/7        EV: 18    Int: 16    God:
Gold:   87         SH:  0    Dex: 16    Spells: 1 memorised, 6 levels left

rFire  . . .     SeeInvis +     a - +1 dagger
rCold  . . .     Gourm    .     b - +1 robe
rNeg   . . .     Faith    .     (shield restricted)
rPois  .         Spirit   .     (helmet restricted)
rElec  .         Reflect  .     (no cloak)
rCorr  .         Harm     .     (gloves unavailable)
MR     .....                    (boots unavailable)
Stlth  +++.......               (no amulet)
                                (no ring)
                                (no ring)

@: very quick
A: unfitting armour, see invisible, herbivore 3, speed 3, slow metabolism 2
a: no special abilities


You were on level 1 of the Dungeon.
You were not hungry.

You visited 1 branch of the dungeon, and saw 2 of its levels.

You collected 87 gold pieces.

Inventory:

Hand Weapons
 a - a +1 dagger (weapon)
Armour
 b - a +1 robe (worn)
Scrolls
 f - 2 scrolls of remove curse {unknown}
 g - a scroll of random uselessness {unknown}
Books
 c - a book of Maledictions

   Spells                             Type                      Level
   a - Corona                         Hexes                        1
   b - Ensorcelled Hibernation        Hexes/Ice                    2
   c - Confuse                        Hexes                        3
   d - Tukima's Dance                 Hexes                        3
   e - Dazzling Spray                 Conjuration/Hexes            3
Comestibles
 d - 2 bread rations
 h - 3 fruits


   Skills:
 - Level 1.1 Short Blades
 - Level 3.0 Dodging
 * Level 5.6 Stealth
 + Level 3.0 Spellcasting
 + Level 3.9 Hexes


You had 6 spell levels left.
You knew the following spells:

 Your Spells              Type           Power        Failure   Level  Hunger
a - Corona                Hex            ###....      4%          1    #......


Dungeon Overview and Level Annotations

Branches:
Dungeon (2/15)

Altars:


Innate Abilities, Weirdness & Mutations

You are very small and have problems with some larger weapons.
You are too small for most types of armour.
You have supernaturally acute eyesight. (SInv)
You are a herbivore.
You cover ground extremely quickly.
You need consume almost no food.


Message History

Press: ? - help, Shift-Dir - straight line, f/p - hobgoblin
Aim: a hobgoblin, wielding a club (chance to defeat MR: 69%)
The hobgoblin is outlined in light.
The bat hits you but does no damage. The hobgoblin hits you with a club.
You hit the hobgoblin but do no damage. The bat hits you but does no damage.
The hobgoblin misses you.
You hit the hobgoblin.
The hobgoblin is lightly wounded.
The bat hits you but does no damage. The hobgoblin hits you with a club.
You hit the hobgoblin.
The hobgoblin is heavily wounded.
The hobgoblin barely misses you.
You hit the hobgoblin but do no damage.
The hobgoblin is heavily wounded.
The goblin misses you. The hobgoblin hits you with a club.
* * * LOW HITPOINT WARNING * * *
As you read the scroll of fog, it crumbles to dust.
The scroll dissolves into smoke.
The goblin barely misses you. The hobgoblin hits you with a club.
You die...

####..(......#.
#............#.
#...>.....†....
#..............
#..............
#.......#......
#..............
####.......#......
#@gb..............
#g#§....###.#.....
#§§).............$
###....####.......
#............
#...........
#...........
##..........
#..........


You could see a hobgoblin, a goblin and a bat.

Vanquished Creatures
  A dart slug (D:1)
  2 bats (D:1)
  3 giant cockroaches (D:1)
  3 goblins (D:1)
  2 hobgoblins (D:1)
  2 jackals (D:1)
  4 kobolds (D:1)
  A ball python (D:1)
  A frilled lizard (D:1)
  5 rats (D:1)
24 creatures vanquished.

Notes
Turn   | Place    | Note
-------+----------+-------------------------------------------
     0 | D:1      | Patate the Spriggan Enchanter began the quest for the Orb.
     0 | D:1      | Reached XP level 1. HP: 9/9 MP: 5/5
   435 | D:1      | Reached skill level 5 in Stealth
   569 | D:1      | Reached XP level 2. HP: 10/13 MP: 6/6
  1598 | D:1      | Slain by a hobgoblin

Skill      XL: |  1  2 |
---------------+-------+-----
Stealth        | 5 |  5.6
Spellcasting   | 3 |  3.0
Short Blades   | |  1.1
Dodging        | |  3.0
Hexes          | |  3.9

Action                   || total
-------------------------++-------
Melee: Dagger            ||   121
 Cast: Corona            ||    18
  Use: Scroll            ||     5
 Stab: Sleeping          ||     2
Armor: Robe              ||    18
Dodge: Dodged            ||   119
